 Dungeon Crawl Stone Soup version 0.30-a0-626-gd6a5dd7a1f (webtiles) character file.

Game seed: 7539412096575633627

284 Vylera the Insei (level 6, 0/42 HPs)
             Began as a Djinni Transmuter on Jan 12, 2023.
             Was a Follower of Makhleb.
             Slain by an orc
             ... wielding a +0 short sword
              (2 damage)
             ... on level 4 of the Dungeon.
             The game lasted 00:08:30 (2839 turns).

Vylera the Insei (Djinni Transmuter)                Turns: 2839, Time: 00:08:31

Health: 0/42       AC:  2    Str:  9    XL:     6   Next: 54%
Gold:   183        EV: 19    Int: 17    God:    Makhleb [*.....] SH:  0 Dex: 18

rFire   . . .      SeeInvis .      - Unarmed
rCold   . . .      Faith    .    (shield currently unavailable)
rNeg    . . .      Spirit   .    (body armour currently unavailable)
rPois   ∞          Reflect  .    (helmet currently unavailable)
rElec   .          Harm     .    (cloak currently unavailable)
rCorr   .          Rampage  .    (gloves currently unavailable)
Will    .....                    (boots unavailable)
Stlth   ++                       (no amulet)
HPRegen 0.27/turn                (no ring)
MPRegen 0.00/turn                (no ring)

@: spider-form, wereblooded, flying
A: venomous fangs, flying, sickness immunity, tiny, (fire resistance 2), (cold
vulnerability 1), float, innate caster, HP casting, extra vitality 1
a: End Transformation, Renounce Religion


You were on level 4 of the Dungeon.
You worshipped Makhleb.
Makhleb was aware of your devotion.
You were a venomous arachnid creature.
You visited 1 branch of the dungeon, and saw 4 of its levels.

You collected 183 gold pieces.

Inventory:

Hand Weapons
 a - a +2 short sword of freezing
 b - a +0 sling
 q - a +3 quarterstaff of chaos (melded)
Missiles
 j - 9 poisoned darts
 x - a throwing net
Armour
 c - a +0 robe (melded)
 r - a +0 cloak (melded)
Scrolls
 d - a scroll of acquirement {unknown}
 f - 8 scrolls of identify {unknown}
 h - 2 scrolls of teleportation {unknown}
 k - a scroll of silence {unknown}
 m - 2 scrolls of poison {unknown}
 n - 2 scrolls of butterflies {unknown}
 s - a scroll of enchant weapon {unknown}
 t - a scroll of amnesia {unknown}
 v - a scroll of torment {unknown}
Potions
 e - a potion of lignification
 g - 2 potions of curing {unknown}
 i - a potion of flight {unknown}
 l - a potion of invisibility {unknown}
 o - a potion of brilliance {unknown}
 p - a potion of haste {unknown}
 u - 2 potions of might {unknown}
 w - a potion of cancellation {unknown}


   Skills:
 + Level 1.4 Fighting
 - Level 2.1 Dodging
 - Level 4.4 Unarmed Combat
 * Level 4.1 Spellcasting


You couldn't memorise any spells.
You knew the following spells:

 Your Spells              Type           Power      Damage    Failure   Level
a - Beastly Appendage     Tmut           34%        N/A       11%         1
b - Wereblood             Tmut           17%        N/A       13%         2
c - Spider Form           Tmut/Pois      17%        N/A       22%         3
d - Ice Form              Ice/Tmut       17%        N/A       50%         4
e - Shock                 Conj/Air       68%        1d7       11%         1
f - Call Imp              Summ           17%        N/A       13%         2
Your spell library was empty.

Dungeon Overview and Level Annotations

Branches:
Dungeon (4/15)
 Temple: D:4-7

Altars:
Makhleb

Shops:
D:3 (


Innate Abilities, Weirdness & Mutations

You are a venomous arachnid creature.
You have venomous fangs.
You are tiny and dextrous.
You are flying.
Your spellcasting is less reliable in this form.
Your armour is entirely melded.
You are incapable of wielding weapons or throwing items.
You are immune to sickness and miasma.
You are immune to poison.
((Your flesh is very heat resistant. (rF++)))
((You are vulnerable to cold. (rC-)))
You float through the air rather than walking.
You learn spells naturally, not from books.
Your magical power is your life essence.
You have superior vitality. (+4 MHP)


Message History

You barely miss the orc. The orc barely misses you.
Casting: Spider Form (dangerous; 9% risk of failure)
Confirm with . or Enter, or press ? or * to list all spells.
Your blood is infused with primal strength.
The orc hits you with a +0 hand axe. The orc misses you.
Casting: Wereblood (safe; 4% risk of failure)
Confirm with . or Enter, or press ? or * to list all spells.
You turn into a venomous arachnid creature.
Your +3 quarterstaff of chaos melds into your body.
Your +0 cloak melds into your body.
Your +0 robe melds into your body.
The orc misses you. x2; The orc completely misses you.
You barely miss the orc. The orc hits you but does no damage.
The orc misses you. The orc closely misses you.
You barely miss the orc. The orc misses you. The orc hits you with a +0 club.
The orc misses you. The orc misses you. The orc hits you with a +0 short sword.
* * * LOW HITPOINT WARNING * * *
You hit the orc.
The orc is poisoned.
The orc is moderately wounded.
The orc misses you. The orc barely misses you. The orc completely misses you.
You hit the orc but do no damage.
The orc is poisoned.
The orc closely misses you.
You hit the orc.
The orc looks as sick as possible!
The orc is heavily wounded.
The orc misses you. The orc barely misses you.
The orc hits you with a +0 hand axe.
* * * LOW HITPOINT WARNING * * *
The adder misses you.
You hit the orc priest.
The orc priest is poisoned.
The orc priest is lightly wounded.
You feel a bit better.
You kill the orc!
Makhleb accepts your kill.
You feel better. The adder bites you.
* * * LOW HITPOINT WARNING * * *
The orc priest hits you with a +0 hand axe!
* * * LOW HITPOINT WARNING * * *
The orc hits you with a +0 short sword.
You die...

.# .# #........ .#
#........ .# #.......
.# ##########>....# .#
#..............+ .#
#..............# .#
#........o)....# .#
#..†.....os....#
.###+##........So....#
+##.....######'###+###
..#.....# ..!.
..#....(# ......
..#.....#.........
..#.....#..........
###.....#......###+#
........#......#


You could see an orc priest (very poisoned), an adder and 2 orcs.

Vanquished Creatures
  A howler monkey (D:4)
  Crazy Yiuf (D:2)
  2 orc priests (D:3)
  Jessica (D:2)
  An orc wizard (D:3)
  2 adders
  2 worms
  5 dart slugs
  5 orcs
  5 ball pythons
  3 endoplasms
  2 giant cockroaches
  6 goblins
  7 hobgoblins
  8 kobolds
  2 quokkas
  7 bats
  5 frilled lizards
  10 rats
75 creatures vanquished.

Vanquished Creatures (others)
  A fungus (D:2)
1 creature vanquished.

Grand Total: 76 creatures vanquished

Notes
Turn   | Place    | Note
-------+----------+-------------------------------------------
     0 | D:1      | Vylera the Djinni Transmuter began the quest for the Orb.
     0 | D:1      | Vylera set off with the following spells memorised: Beastly
                  | Appendage, Wereblood, Spider Form, Ice Form.
     0 | D:1      | Reached XP level 1. HP: 17/17 MP: 0/0
    61 | D:1      | Reached XP level 2. HP: 16/22 MP: 0/0
   422 | D:1      | Reached XP level 3. HP: 25/27 MP: 0/0
   422 | D:1      | Learned a level 1 spell: Shock
  1059 | D:2      | Reached XP level 4. HP: 10/32 MP: 0/0
  1159 | D:2      | Found a burning altar of Makhleb.
  1162 | D:2      | Noticed Jessica
  1172 | D:2      | Killed Jessica
  1295 | D:2      | Became a worshipper of Makhleb the Destroyer
  1662 | D:2      | Noticed an eye of devastation
  1663 | D:2      | Found a faded altar of an unknown god.
  1695 | D:2      | Noticed a golden eye
  1697 | D:2      | Noticed an eye of devastation
  1697 | D:2      | Noticed a golden eye
  1838 | D:2      | Found a runed translucent door.
  1839 | D:2      | Noticed Crazy Yiuf
  1846 | D:2      | Killed Crazy Yiuf
  1847 | D:2      | Reached XP level 5. HP: 34/37 MP: 0/0
  1847 | D:2      | Learned a level 2 spell: Call Imp
  2150 | D:3      | Reached * piety under Makhleb
  2256 | D:3      | Reached XP level 6. HP: 36/42 MP: 0/0
  2351 | D:3      | Found Jyur Pat's Antique Weapon Boutique.
  2839 | D:4      | HP: 2/42 [orc priest/+0 hand axe (8)]
  2839 | D:4      | Slain by an orc

Illustrated notes

Levels and vault maps discovered:
D:1:      dpeg_arrival_line_fractal, layout_rooms, minmay_tetromino_l4
D:2:      layout_basic, hellmonk_ecumenical_altar_watching_god, basic_altar,
          minmay_indecisive_spiral, uniq_jessica, uniq_crazy_yiuf_cottage
D:3:      layout_basic, serial_shops, nicolae_shop_hallway_plus,
          hangedman_decor_clover_reticule
D:4:      layout_gridville, gammafunk_ghost_mausoleum

Skill      XL: |  1  2  3  4  5  6 |
---------------+-------------------+-----
Spellcasting   | 2 3 4 |  4.1
Unarmed Combat | 4 |  4.4
Fighting       | |  1.4
Dodging        | |  2.1

Action                   |  1- 3 |  4- 6 || total
-------------------------+-------+-------++-------
Melee: Unarmed           |     8 |    24 ||    32
       Mace              |    48 |    37 ||    85
       Headbutt          |    10 |     1 ||    11
       Short sword       |    32 |       ||    32
       Quarterstaff      |       |    67 ||    67
 Fire: Sling             |     8 |       ||     8
 Cast: Beastly Appendage |    11 |     2 ||    13
       Spider Form       |       |     4 ||     4
       Wereblood         |       |     5 ||     5
       Shock             |       |     2 ||     2
       Call Imp          |       |     1 ||     1
 Stab: Sleeping          |       |     1 ||     1
Armor: Robe              |    15 |    27 ||    42
       Skin              |       |     2 ||     2
Dodge: Dodged            |    50 |   115 ||   165

Table legend: (Time is in decaauts)
 A = Elapsed time spent in this place.
 B = Non-inter-level travel time spent in this place.
 C = Inter-level travel time spent in this place.
 D = Time resting spent in this place.
 E = Time spent auto-exploring this place.
 F = Levels seen in this place.
 G = Mean time per level.
                   A        B        C        D        E       F      G
               +--------+--------+--------+--------+--------+-----+--------+
         Total |   2888 |   2814 |     74 |    131 |   2051 |   4 |  722.0 |
       Dungeon |   2888 |   2814 |     74 |    131 |   2051 |   4 |  722.0 |
               +--------+--------+--------+--------+--------+-----+--------+

Top non-repeatable levels by time:
     D:2: 1201 daAuts
     D:1: 734 daAuts
     D:3: 665 daAuts
     D:4: 287 daAuts
